 Dungeon Crawl Stone Soup version bcrawl-1.23 (webtiles) character file.

Game seed: 7224721089703094781

87 Chiseanne the Ducker (level 4, -3/28 HPs)
             Began as an Avariel Reaver on May 22, 2020.
             Was a Follower of Vehumet.
             Slain by a bullfrog (6 damage)
             ... on level 3 of the Dungeon.
             The game lasted 00:07:22 (1561 turns).

Chiseanne the Ducker (Avariel Reaver)               Turns: 1561, Time: 00:07:23

Health: -3/28      AC:  5    Str:  9    XL:     4   Next: 51%
Magic:  5/11       EV: 13    Int: 21    God:    Vehumet [*.....]
Gold:   74         SH:  0    Dex: 11    Spells: 9/10 levels left

rFire    . . .     SeeInvis .   a - +0 long sword
rCold    . . .     Gourm    .   (no shield)
rNeg     . . .     Faith    .   b - +0 steam dragon scales
rPois    .         Spirit   .   (no helmet)
rElec    .         Reflect  .   (no cloak)
rCorr    .         Harm     .   (no gloves)
MR       .....                  (no boots)
Stlth    +.........             (no amulet)
HPRegen  0.09/turn              (no ring)
MPRegen  0.12/turn              (no ring)

@: hasted, very quick
A: no striking features
a: Renounce Religion


You were on level 3 of the Dungeon.
You worshipped Vehumet.
Vehumet was aware of your devotion.
You were not hungry.

You visited 1 branch of the dungeon, and saw 3 of its levels.

You collected 74 gold pieces.

Inventory:

Hand Weapons
 a - a +0 long sword (weapon)
 g - a +2 dagger of venom
Missiles
 f - 320 sling bullets
 h - 98 bolts
 l - 236 arrows
Armour
 b - +0 steam dragon scales (worn)
Scrolls
 d - a scroll of immolation
Potions
 c - a potion of haste
 i - a potion of agility
 j - 2 potions of mutation
Comestibles
 e - 3 rations {!d}
 m - 5 chunks of flesh


   Skills:
 * Level 3.5 Fighting
 - Level 3.2 Long Blades
 * Level 4.2 Dodging
 * Level 3.8 Spellcasting


You had 9 spell levels left.
You knew the following spells:

 Your Spells              Type           Power        Failure   Level  Hunger
a - Flame Tongue          Conj/Fire      #....        3%          1    None

Your spell library contained the following spells:

 Spells                   Type           Power        Failure   Level  Hunger
 Iskenderun's Battlesphe  Conj/Chrm      #.......     61%         5    ######.


Dungeon Overview and Level Annotations

Branches:
Dungeon (3/12)

Altars:

Annotations:
D:3 1 transporter, Tux's ghost, amateur SDEE


Message History

Confirm with . or Enter, or press ? or * to list all spells.
Aiming: Flame Tongue (safe; 3% risk of failure)
Press: ? - help, Shift-Dir - straight line, f/p - bullfrog
Aim: a bullfrog (heavily wounded)
The flame tongue hits the bullfrog.
The bullfrog is severely wounded.
The bullfrog hits you.
Casting: Flame Tongue (safe; 3% risk of failure)
Confirm with . or Enter, or press ? or * to list all spells.
Aiming: Flame Tongue (safe; 3% risk of failure)
Press: ? - help, Shift-Dir - straight line, f/p - bullfrog
Aim: a bullfrog (severely wounded)
The flame tongue hits the bullfrog.
The bullfrog is almost dead.
The bullfrog hits you. The bullfrog hits you!
* * * LOW HITPOINT WARNING * * *
The bullfrog closely misses you.
Okay, then.
You feel yourself speed up. The bullfrog hits you.
You die...

#. #.......#..# #.# #. #.#
#.##.##.#..# #.# #. #.#
#.##.##.#..# #.# .8##.. #.#
#.##.##.#..# #.#
.##..##.###)##.##.#..# #.#
.>#..........#.##.#..###.###
.##.........................
#..........#.##.#..###.###
#..##.###@##.##.#..# #.###
######..##.###F## ##.#..###.##.
#..........o.SK.# #....)......
#..##...##.###o##.##.#..###.##.
........o......................
#..#...)##..##.##.##.#...##.##.
#.......##..##.## ##.#...##.##.
####....##..##.# #.#...##.##.
.............# #.#.........


You could see a bullfrog, an orc priest, an adder and a kobold.

Vanquished Creatures
  An orc wizard (D:2)
  2 adders (D:3)
  A shadow imp (D:3)
  3 leopard geckos (D:1)
  2 orcs (D:3)
  2 giant cockroaches (D:1)
  3 goblins
  3 hobgoblins
  A jackal (D:1)
  2 ball pythons (D:2)
  4 bats
  2 frilled lizards (D:1)
  5 kobolds
  3 rats
34 creatures vanquished.

Notes
Turn   | Place    | Note
-------+----------+-------------------------------------------
     0 | D:1      | Chiseanne the Avariel Reaver began the quest for the Orb.
     0 | D:1      | Reached XP level 1. HP: 13/13 MP: 6/6
    70 | D:1      | Reached XP level 2. HP: 18/18 MP: 7/7
   790 | D:1      | Reached XP level 3. HP: 23/23 MP: 9/9
   883 | D:3      | Reached * piety under Vehumet
   883 | D:3      | Offered knowledge of Flame Tongue by Vehumet.
  1046 | D:2      | Learned a level 1 spell: Flame Tongue
  1253 | D:3      | Found a transporter.
  1253 | D:3      | Noticed Tux's ghost (amateur SDEE)
  1271 | D:2      | Reached skill level 4 in Dodging
  1271 | D:2      | Reached XP level 4. HP: 23/28 MP: 3/11
  1548 | D:3      | Noticed a bullfrog
  1561 | D:3      | Slain by a bullfrog

Skill      XL: |  1  2  3 |
---------------+----------+-----
Fighting       | 3 |  3.5
Spellcasting   | 3 |  3.8
Dodging        | 4 |  4.2
Long Blades    | |  3.2

Action                   |  1- 3 |  4- 6 || total
-------------------------+-------+-------++-------
Melee: Long sword        |    83 |     7 ||    90
 Cast: Flame Tongue      |     7 |    17 ||    24
  Use: Scroll            |     3 |       ||     3
       Potion            |       |     1 ||     1
  Eat: Chunk             |     1 |     1 ||     2
Armor: Steam dragon scal |    39 |     3 ||    42
Dodge: Dodged            |    69 |    13 ||    82
